 Dungeon Crawl Stone Soup version 0.30-a0-1016-gfb0d676c02 (webtiles) character file.

Game seed: 13764047688144722038

31758 jasper the Thaumaturge (level 13, -2/111 HPs)
             Began as a Demigod Fire Elementalist on Apr 6, 2023.
             Slain by a two-headed ogre
             ... wielding a +0 giant club
              (18 damage)
             ... on level 2 of the Orcish Mines.
             The game lasted 00:25:54 (18095 turns).

jasper the Thaumaturge (Demigod Fire Elementalist) Turns: 18095, Time: 00:25:55

Health: -2/111     AC: 13    Str:  9    XL:     13   Next: 0%
Magic:  16/35      EV: 22    Int: 37    God:
Gold:   994        SH:  0    Dex: 16    Spells: 29/39 levels left

rFire   . . .      SeeInvis .    z - +7 trident (protect)
rCold   x . .      Faith    .    (no shield)
rNeg    . . .      Spirit   .    t - +5 robe of Misfortune {Harm *Corrode *Slow EV+5}
rPois   +          Reflect  .    Q - +2 hat {Will+}
rElec   .          Rampage  .    Y - +0 cloak
rCorr   .          Harm     + .  m - +1 pair of gloves
Will    ++...                    U - +0 pair of boots
Stlth   ++                       q - amulet of the acrobat
HPRegen 0.38/turn                B - ring of flight
MPRegen 0.24/turn                G - ring of Ephemeral Luck {Fly rPois rC- Int+4 Dex+2}

@: flying, slowed, very slow
A: high MP 1, forlorn, divine attributes
a: no special abilities


You were on level 2 of the Orcish Mines.
You visited 3 branches of the dungeon, and saw 16 of its levels.

You collected 1435 gold pieces.
You spent 441 gold pieces at shops.

Inventory:

Hand Weapons
 n - a +0 quarterstaff
 z - a +7 trident of protection (weapon)
Missiles
 X - a throwing net
Armour
 a - a +0 robe
 m - a +1 pair of gloves (worn)
 p - a +2 leather armour of positive energy
 s - a +0 helmet
 t - the +5 robe of Misfortune (worn) {Harm *Corrode *Slow EV+5}
   (You found it on level 3 of the Dungeon)

   EV:        It affects your evasion (+5).
   *Corrode:  It may corrode you when you take damage.
   *Slow:     It may slow you when you take damage.
   Harm:      It increases damage dealt and taken.
 Q - a +2 hat of willpower (worn)
 U - a +0 pair of boots (worn)
 Y - a +0 cloak (worn)
Magical Staves
 E - a staff of poison
Jewellery
 q - an amulet of the acrobat (around neck)
 B - a ring of flight (left hand)
 G - the ring of Ephemeral Luck (right hand) {Fly rPois rC- Int+4 Dex+2}
   (You found it on level 7 of the Dungeon)

   [ring of flight]

   Int:       It affects your intelligence (+4).
   Dex:       It affects your dexterity (+2).
   rC:        It makes you vulnerable to cold.
   rPois:     It protects you from poison.
   Fly:       It grants you flight.
 H - a +6 ring of strength
 O - a ring of resist corrosion
Wands
 u - a wand of polymorph (11)
 x - a wand of digging (5)
 A - a wand of charming (21)
 C - a wand of iceblast (22)
 D - a wand of mindburst (13)
 F - a wand of flame (25)
 T - a wand of acid (7)
Scrolls
 b - 3 scrolls of noise
 d - 2 scrolls of vulnerability
 e - a scroll of blinking
 f - 4 scrolls of poison
 i - 2 scrolls of fear
 j - 4 scrolls of teleportation
 l - a scroll of silence
 w - 7 scrolls of identify
 y - 3 scrolls of amnesia
 P - a scroll of fog
 R - a scroll of enchant armour
 S - a scroll of magic mapping
 W - a scroll of immolation
Potions
 g - 2 potions of invisibility
 h - 3 potions of cancellation
 k - 3 potions of flight
 o - 2 potions of degeneration
 r - 4 potions of haste
 v - 2 potions of mutation
 I - a potion of brilliance
 J - 8 potions of curing
 K - 3 potions of lignification
 L - a potion of heal wounds
 M - a potion of might
 N - 5 potions of ambrosia
 V - 2 potions of attraction {unknown}


   Skills:
 + Level 9.0 Fighting
 + Level 9.3 Dodging
 - Level 1.7 Stealth
 * Level 13.5 Spellcasting
 - Level 5.1 Conjurations
 - Level 4.0 Hexes
 - Level 5.8 Fire Magic


You had 29 spell levels left.
You knew the following spells:

 Your Spells              Type           Power      Damage    Failure   Level
a - Fulminant Prism       Conj/Hex       28%        3d14      2%          4
b - Scorch                Fire           100%       2d9       1%          2
c - Flame Wave            Conj/Fire      60%        2d14      1%          4

Your spell library contained the following spells:

 Spells                   Type           Power      Damage    Failure   Level
 Foxfire                  Conj/Fire      100%       2x1d9     1%          1
 Freeze                   Ice            100%       1d10      1%          1
 Ensorcelled Hibernation  Hex/Ice        78%        N/A       1%          2
 Hailstorm                Conj/Ice       44%        3d10      1%          3
 Inner Flame              Hex/Fire       57%        N/A       1%          3
 Portal Projectile        Hex/Tloc       78%        N/A       1%          3
 Tukima's Dance           Hex            53%        N/A       1%          3
 Volatile Blastmotes      Fire/Tloc      92%        2d17      1%          3
 Frozen Ramparts          Ice            50%        1d8       4%          3
 Ozocubu's Armour         Ice            25%        N/A       4%          3
 Spider Form              Tmut/Pois      25%        N/A       4%          3
 Iskenderun's Mystic Bla  Conj/Tloc      44%        2d10      5%          4
 Anguish                  Hex/Necr       19%        N/A       7%          4
 Metabolic Englaciation   Hex/Ice        19%        N/A       19%         5
 Blade Hands              Tmut           12%        N/A       38%         5
 Lee's Rapid Deconstruct  Erth           12%        3d9*      38%         5
 Simulacrum               Ice/Necr       12%        N/A       93%         6


Dungeon Overview and Level Annotations

Branches:
Dungeon (11/15)            Temple (0/1) D:7            Lair (3/5) D:10
 Spider (0/4) Lair:2          Orc (2/2) D:11
  Swamp: Lair:2-3    Shoals: Lair:2-3       Elf: Orc:2

Shops:
D:2 !   D:7 (   D:8 **![   D:9 *

Portals:
Abyss: Orc:2


Innate Abilities, Weirdness & Mutations

You have an increased reservoir of magic. (+10% MP)
You shall have no god before yourself.
Your divine heritage dramatically boosts your attributes as you level up.


Message History

The two-headed ogre barely misses you. x2
The two-headed ogre completely misses you. x2
The warg completely misses you. The ogre mage completely misses you.
The two-headed ogre closely misses you.
The two-headed ogre completely misses you.
The two-headed ogre attacks as you move away!
The two-headed ogre completely misses you. x2
The two-headed ogre closely misses you. The two-headed ogre barely misses you.
Aiming: Dig
Press: ? - help, Shift-Dir - straight line A rock wall.
The rock shatters into small pieces.
The two-headed ogre closely misses you.
The two-headed ogre hits you with a +0 giant club!
* * * LOW HITPOINT WARNING * * *
You take 15 damage, and have 26/111 hp.
The two-headed ogre completely misses you.
The two-headed ogre hits you with a +0 giant club!
* * * LOW HITPOINT WARNING * * *
You take 14 damage, and have 12/111 hp.
Casting: Fulminant Prism (mildly dangerous; 2% risk of failure)
Confirm with . or Enter, or press ? or * to list all spells.
Casting: Flame Wave (mildly dangerous; 1% risk of failure)
Press: ? - help, Dir - look around, f - activate
Okay, then.
You feel much better.
The two-headed ogre hits you with a +0 giant club!
* * * LOW HITPOINT WARNING * * *
The two-headed ogre misses you.
You regained 4 hp, and now have 16/111 hp.
Casting: Flame Wave (mildly dangerous; 1% risk of failure)
Confirm with . or Enter, or press ? or * to list all spells.
Casting: Flame Wave (mildly dangerous; 1% risk of failure)
Press: ? - help, Dir - look around, f - activate A wave of flame ripples out!
The flame wave engulfs the two-headed ogre!
The two-headed ogre is moderately wounded. (Press . to intensify the flame waves.)
The two-headed ogre misses you. The two-headed ogre closely misses you.
The two-headed ogre hits you with a +0 giant club!
You die...

.......... ........###
.......###.# ....#.##
#.# ...#### #.# ##
....## #.# #.# ...#.##
#.# #.## ......#
#.###...# ..#...#
#@#....# #..#.########
##O#
.#..#.#.##..####.## ...
#..###.......##O## #...
#.. #........Oh{###....
_##.#........OOO.#.....
.§∩#.........#O.#....#.
..#§...###......#......
..###..# ###.OOO......#


You could see a two-headed ogre (fast).

Vanquished Creatures
  Gastronok (D:10)
  Josephine (Lair:3)
  Erolcha (D:10)
  A hydra (Lair:2)
  4 two-headed ogres
  Nergalle (D:11)
  Pikel (D:6)
  An orc sorcerer (Orc:2)
  2 cyclopes (D:11)
  An ugly thing (D:11)
  6 elephants
  Maurice (Orc:1)
  Joseph (D:7)
  2 komodo dragons (Lair:2)
  10 cane toads
  A queen bee (D:11)
  3 trolls
  2 hornets (D:10)
  Grinder (D:6)
  3 blink frogs (Lair:1)
  Prince Ribbit (D:9)
  Sigmund (D:6)
  35 yaks
  3 shadows
  5 wraiths (Lair:3)
  3 wyverns (Lair:2)
  A basilisk (Lair:3)
  2 wargs
  A floating eye (D:11)
  7 water moccasins
  14 orc warriors
  5 ice beasts
  A black bear (D:5)
  4 centaurs
  5 wolves (Lair:2)
  14 ogres
  A lemure (D:6)
  A phantom (D:5)
  A kobold brigand (D:7)
  Blork the orc (D:6)
  16 bullfrogs
  2 gnoll sergeants
  4 scorpions
  23 killer bees
  7 howler monkeys
  A jelly (D:6)
  3 hounds
  9 orc priests
  5 iguanas
  A sleepcap (D:4)
  15 orc wizards
  Robin (D:4)
  8 gnolls
  4 adders
  3 shadow imps
  2 white imps
  2 ufetubi
  2 worms (D:2)
  2 dart slugs (D:1)
  58 orcs
  4 bats
  2 endoplasms
  3 giant cockroaches
  17 goblins
  3 hobgoblins
  11 jackals
  10 kobolds
  4 quokkas
  8 ball pythons
  6 frilled lizards
  5 rats
  2 lurking horrors (Orc:2)
393 creatures vanquished.

Vanquished Creatures (collateral kills)
  A lemure (D:6)
  2 foxfires (D:2)
3 creatures vanquished.

Vanquished Creatures (others)
  A bat (D:3)
  169 foxfires
  7 fulminant prisms
  16 fungi
  33 plants
  15 withered plants (Lair:3)
241 creatures vanquished.

Grand Total: 637 creatures vanquished

Notes
Turn   | Place    | Note
-------+----------+-------------------------------------------
     0 | D:1      | jasper the Demigod Fire Elementalist began the quest for
                  | the Orb.
     0 | D:1      | Reached XP level 1. HP: 14/14 MP: 5/5
    94 | D:1      | Reached skill level 1 in Conjurations
   450 | D:1      | Reached skill level 2 in Spellcasting
   570 | D:1      | Reached XP level 2. HP: 20/20 MP: 1/7
  1222 | D:1      | Learned a level 2 spell: Scorch
  1809 | D:2      | Reached XP level 3. HP: 26/26 MP: 3/9
  2839 | D:2      | Found Ysiyhyfyo's Distillery.
  2922 | D:2      | Bought a potion of curing for 36 gold pieces
  3406 | D:3      | Reached XP level 4. HP: 33/33 MP: 7/10
  3451 | D:3      | Learned a level 4 spell: Flame Wave
  3493 | D:3      | Found the +5 robe of Misfortune {Harm *Corrode *Slow EV+5}
  4523 | D:4      | Noticed an ogre
  4528 | D:4      | Killed an ogre
  4529 | D:4      | Reached skill level 3 in Spellcasting
  4529 | D:4      | Reached XP level 5. HP: 38/38 MP: 6/12
  4670 | D:4      | Noticed Robin
  4871 | D:4      | Killed Robin
  4929 | D:4      | Reached XP level 6. HP: 25/45 MP: 1/14
  5416 | D:4      | Learned a level 4 spell: Fulminant Prism
  5420 | D:5      | Entered Level 5 of the Dungeon
  5577 | D:5      | Reached skill level 4 in Spellcasting
  5577 | D:5      | HP: 2/45 [poisoned by a scorpion]
  5580 | D:5      | Reached skill level 5 in Fire Magic
  5580 | D:5      | Reached XP level 7. HP: 12/50 MP: 2/16
  6064 | D:5      | Reached skill level 5 in Conjurations
  6194 | D:5      | Reached skill level 5 in Spellcasting
  6196 | D:5      | Reached XP level 8. HP: 55/57 MP: 4/19
  6515 | D:6      | Noticed Pikel
  6563 | D:6      | Reached skill level 1 in Hexes
  6683 | D:6      | Noticed Grinder
  6686 | D:6      | Killed Grinder
  6739 | D:6      | Noticed Sigmund
  6746 | D:6      | Killed Pikel
  6747 | D:6      | Reached skill level 6 in Spellcasting
  6748 | D:6      | Killed Sigmund
  6753 | D:6      | Noticed Blork the orc
  6760 | D:6      | Killed Blork the orc
  6937 | D:6      | Reached skill level 7 in Spellcasting
  6997 | D:6      | Reached XP level 9. HP: 62/62 MP: 20/23
  7454 | D:7      | Found a staircase to the Ecumenical Temple.
  7456 | D:7      | Noticed Joseph
  7466 | D:7      | Killed Joseph
  7467 | D:7      | Reached skill level 1 in Fighting
  7829 | D:7      | Found Ilafem's Weapon Emporium.
  8192 | D:7      | Identified the ring of Ephemeral Luck {Fly rPois rC- Int+4
                  | Dex+2}
  8319 | D:8      | Found Esiuzahe's General Store.
  8325 | D:8      | Bought a scroll of fear for 44 gold pieces
  8411 | D:8      | Found Zuhi Romn's Demolitions Depot.
  8456 | D:8      | Found Xobiq's Armour Emporium.
  8511 | D:8      | Found Wiagg's Distillery.
  8520 | D:8      | Bought a potion of curing for 30 gold pieces
  8520 | D:8      | Bought a potion of haste for 100 gold pieces
  8520 | D:8      | Bought a potion of lignification for 30 gold pieces
  8520 | D:8      | Bought a potion of heal wounds for 50 gold pieces
  8520 | D:8      | Bought a potion of curing for 30 gold pieces
  8520 | D:8      | Bought a potion of might for 40 gold pieces
  8630 | D:8      | Reached skill level 8 in Spellcasting
  9842 | D:9      | Reached XP level 10. HP: 74/78 MP: 21/27
  9875 | D:9      | Noticed Prince Ribbit
  9881 | D:9      | Killed Prince Ribbit
  9939 | D:9      | Found Hitheerche's Assorted Antiques.
  9947 | D:9      | Bought a potion of curing for 81 gold pieces
 10023 | D:9      | Reached skill level 9 in Spellcasting
 10465 | D:10     | Entered Level 10 of the Dungeon
 10579 | D:10     | Reached skill level 5 in Dodging
 10741 | D:10     | Reached skill level 5 in Fighting
 11024 | D:10     | Noticed Erolcha
 11027 | D:10     | Killed Erolcha
 11028 | D:10     | Reached skill level 10 in Spellcasting
 11238 | D:10     | Noticed Gastronok
 11405 | D:11     | Noticed a two-headed ogre
 11410 | D:11     | Killed a two-headed ogre
 11543 | D:11     | Reached XP level 11. HP: 88/88 MP: 22/29
 11836 | D:11     | HP: 4/89 [red ugly thing (19)]
 12102 | D:11     | Noticed Urug
 12104 | D:11     | Urug changed into Urug the floating eye
 12104 | D:11     | Noticed Urug
 12105 | D:11     | Killed Urug the floating eye
 12134 | D:11     | Noticed Nergalle
 12149 | D:11     | Killed Nergalle
 12440 | D:11     | Found a staircase to the Orcish Mines.
 12468 | D:11     | Reached skill level 11 in Spellcasting
 12814 | D:10     | Killed Gastronok
 12960 | D:10     | Found a staircase to the Lair.
 13092 | Lair:1   | Entered Level 1 of the Lair of Beasts
 14190 | Lair:1   | Identified the +1 whip "Siroukku" {flame, Will+}
 14392 | Lair:2   | Reached skill level 12 in Spellcasting
 14398 | Lair:2   | Reached XP level 12. HP: 100/100 MP: 7/32
 14550 | Lair:2   | Noticed a four-headed hydra
 14561 | Lair:2   | Killed a four-headed hydra
 15176 | Lair:2   | Found a hole to the Spider Nest.
 15937 | Lair:3   | Noticed Josephine
 15946 | Lair:3   | Killed Josephine
 15949 | Lair:3   | Reached skill level 13 in Spellcasting
 16407 | Orc:1    | Entered Level 1 of the Orcish Mines
 16736 | Orc:1    | Noticed Maurice
 16746 | Orc:1    | Killed Maurice
 17034 | Orc:2    | Entered Level 2 of the Orcish Mines
 17497 | Orc:2    | Found a one-way gate to the infinite horrors of the Abyss.
 18073 | Orc:2    | Noticed an ogre mage
 18076 | Orc:2    | Noticed an ogre mage
 18077 | Orc:2    | Noticed an ogre mage
 18079 | Orc:2    | Noticed an ogre mage
 18086 | Orc:2    | Reached XP level 13. HP: 56/111 MP: 17/35
 18095 | Orc:2    | Slain by a two-headed ogre

Illustrated notes

Levels and vault maps discovered:
D:1:      dpeg_arrival_rooms_c, layout_basic, nicolae_ecumenical_lake_church
D:2:      layout_basic, serial_shops, nicolae_lakefront_shop,
          serial_bayou_lagoon_b
D:3:      layout_loops_ring, lemuel_flame_loot_1
D:4:      layout_rooms, nicolae_overflow_two_pavilions, bh_walls_and_bars,
          uniq_robin
D:5:      layout_basic, general_overflow_altar, nicolae_qazlal_eye_of_the_storm
D:6:      layout_cave_pools, nicolae_hepliaklqana_hazy_memory,
          makhleb_grotto_becter, serial_rivers, chequers_serial_rivers_micro_e,
          chequers_serial_rivers_micro_b, chequers_serial_rivers_micro_a,
          chequers_serial_rivers_marsh, chequers_serial_rivers_room_b,
          chequers_serial_rivers_large_a, uniq_blork_the_orc, uniq_sigmund,
          uniq_pikel, uniq_grinder
D:7:      layout_basic, minmay_temple_entry_junction, serial_shops,
          nicolae_shop_trees, moated_statue, uniq_joseph
D:8:      layout_loops_corners, mainiacjoe_overflow_boulevard,
          trog_three_pillars_becter, nicolae_stop_n_shop_1,
          nicolae_wooded_promenade, skrybe_limestone_x, nicolae_blasting_shop,
          kennysheep_potato
D:9:      layout_roguey, mainiacjoe_overflow_cross_hatched,
          lemuel_coloured_pillars_altar, nicolae_ru_awakened_eye, serial_shops,
          shop, uniq_prince_ribbit1
D:10:     layout_roguey, lair_entry_dummy, uniq_erolcha, uniq_gastronok
D:11:     layout_roguey, david_orc_2, special_room [special_room_bee],
          uniq_urug, uniq_nergalle
Lair:1:   layout_long_grid, grunt_megastairs_4
Lair:2:   layout_chaotic_city, spider_nest_entry_web_field,
          guppyfry_lair_drakes, grunt_megastairs_2
Lair:3:   beast_lair_carwin_large_2, layout_cave_pods,
          minmay_shoals_entry_beasts, basic_altar, pdpol_lair_neglected_garden,
          serial_bayou_pond_d, chequers_serial_rivers_small_a, st_stairs_7,
          grunt_megastairs_5, infiniplex_staircase_pool, uniq_josephine
Orc:1:    layout_caves, uniq_maurice
Orc:2:    st_orc_ogre_mass, layout_caves, basic_altar,
          amcnicky_altar_lugonu_corruption

Skill      XL: |  1  2  3  4  5  6  7  8  9 10 11 12 |
---------------+-------------------------------------+-----
Conjurations   | 1 2 3 4 5 |  5.1
Spellcasting   | 2 3 4 5 7 8 10 12 13 | 13.5
Fire Magic     | 3 4 5 |  5.8
Hexes          | 4 |  4.0
Dodging        | 4 6 7 9 |  9.3
Fighting       | 3 5 7 9 |  9.0
Stealth        | |  1.7

Action                     |  1- 3 |  4- 6 |  7- 9 | 10-12 | 13-15 || total
---------------------------+-------+-------+-------+-------+-------++-------
  Melee: Unarmed           |     8 |       |       |       |       ||     8
         Quarterstaff      |     3 |       |       |       |       ||     3
         Trident           |       |    29 |    34 |    50 |       ||   113
         Punch             |       |       |       |     1 |       ||     1
   Cast: Foxfire           |    73 |    31 |       |       |       ||   104
         Scorch            |    27 |    48 |    99 |   204 |       ||   378
         Fulminant Prism   |       |       |     3 |     4 |       ||     7
         Flame Wave        |       |       |     4 |    60 |     1 ||    65
  Evoke: Wand              |       |       |     1 |     1 |     2 ||     4
    Use: Potion            |     1 |     3 |       |     2 |     1 ||     7
         Scroll            |       |    15 |     6 |     6 |       ||    27
 Armour: Robe              |    10 |    26 |    28 |    68 |     1 ||   133
         Skin              |       |     1 |       |       |       ||     1
  Dodge: Dodged            |    24 |    48 |    97 |   408 |    21 ||   598

Table legend: (Time is in decaauts)
 A = Elapsed time spent in this place.
 B = Non-inter-level travel time spent in this place.
 C = Inter-level travel time spent in this place.
 D = Time resting spent in this place.
 E = Time spent auto-exploring this place.
 F = Levels seen in this place.
 G = Mean time per level.
                   A        B        C        D        E       F      G
               +--------+--------+--------+--------+--------+-----+--------+
         Total |  18192 |  17503 |    689 |    819 |  14611 |  16 | 1137.0 |
       Dungeon |  13325 |  12755 |    570 |    438 |  10912 |  11 | 1211.4 |
          Lair |   3245 |   3147 |     98 |    115 |   2605 |   3 | 1081.7 |
  Orcish Mines |   1622 |   1603 |     19 |    266 |   1093 |   2 |  811.0 |
               +--------+--------+--------+--------+--------+-----+--------+

Top non-repeatable levels by time:
     D:1: 1776 daAuts
  Lair:2: 1723 daAuts
    D:11: 1604 daAuts
     D:2: 1372 daAuts
     D:8: 1256 daAuts
     D:4: 1233 daAuts
    D:10: 1211 daAuts
  Lair:1: 1196 daAuts
     D:3: 1174 daAuts
     D:5: 1021 daAuts
   Orc:1: 977 daAuts
     D:6: 907 daAuts
     D:9: 890 daAuts
     D:7: 877 daAuts
   Orc:2: 644 daAuts
